 Dungeon Crawl Stone Soup version 0.31-a0-744-gbc345e7fcb (webtiles) character file.

Game seed: 16779763383522457158

404 Izden the Trooper (level 6, -1/56 HPs)
             Began as a Minotaur Fighter on Sept 13, 2023.
             Succumbed to Sigmund's poison
             ... on level 4 of the Dungeon.
             The game lasted 00:05:03 (2027 turns).

Izden the Trooper (Minotaur Fighter)                Turns: 2027, Time: 00:05:03

Health: -1/56      AC:  9    Str: 22    XL:     6   Next: 56%
Magic:  5/5        EV: 11    Int:  5    God:
Gold:   156        SH:  5    Dex: 16    Spells: 5/5 levels left

rFire   + . .        d - +5 war axe (elec)
rCold   + . .        c - +0 buckler
rNeg    . . .        b - +0 scale mail
rPois   +            (helmet restricted)
rElec   +            i - +0 cloak
rCorr   +            (no gloves)
SInv    .            l - +0 pair of boots
Will    .....        (no amulet) Stlth
                     g - +6 ring of dexterity
HPRegen 0.29/turn    (no ring)
MPRegen 0.09/turn

%: no passive effects
@: lethally poisoned (-1 -> -9), resistant, attractive
A: horns 2, retaliatory headbutt
a: no special abilities


You were on level 4 of the Dungeon.
You visited 1 branch of the dungeon, and saw 4 of its levels.

You collected 156 gold pieces.

Inventory:

Hand Weapons
 a - a +0 war axe
 d - a +5 war axe of electrocution (weapon)
Armour
 b - a +0 scale mail (worn)
 c - a +0 buckler (worn)
 i - a +0 cloak (worn)
 l - a +0 pair of boots (worn)
Jewellery
 g - a +6 ring of dexterity (left hand)
Potions
 f - a potion of enlightenment


   Skills:
 + Level 5.1 Fighting
 + Level 4.3 Axes
 + Level 5.1 Armour
 + Level 3.0 Dodging
 + Level 5.1 Shields


You had 5 spell levels left.
You didn't know any spells.
Your spell library was empty.

Dungeon Overview and Level Annotations

Branches:
Dungeon (4/15)
 Temple: D:4-7

Altars:
Elyvilon

Annotations:
D:4 Sigmund


Innate Abilities, Weirdness & Mutations

You have a pair of horns on your head.
You reflexively headbutt those who attack you in melee.


Message History

The phantom blinks!
You blink.
Something is attracted toward you.
You closely miss the phantom.
The phantom is almost destroyed.
You feel sick.
The phantom hits you but does no damage.
Something hits you but does no damage. Something is attracted toward you.
You hit the phantom but do no damage. You headbutt the phantom.
You destroy the phantom!
You closely miss something.
You feel sick.
You are no longer poisoned.
Your Fighting skill increases to level 5!
Your Dodging skill increases to level 3!
Unknown command.
Okay, then.
Unknown command.
You barely miss something. Something hits you.
* * * LOW HITPOINT WARNING * * *
You miss something. Your headbutt misses something.
You block something's attack.
You barely miss something. Your headbutt misses something.
Something hits you but does no damage.
You closely miss something. You headbutt something. Something hits you.
* * * LOW HITPOINT WARNING * * *
You are lethally poisoned!
You closely miss something.
* * * LOW HITPOINT WARNING * * *
You feel very sick. Something hits you.
* * * LOW HITPOINT WARNING * * *
Unknown command.
Okay, then.
Unknown command.
As you read the scroll of revelation, it crumbles to dust.
You feel aware of your surroundings.
You sensed 1 altar.
* * * LOW HITPOINT WARNING * * *
You feel sick.
Unknown command.
You slash Sigmund!
Sigmund is heavily wounded.
You die...

*,,,,,,#..................,,,*,,,
*,#****#..................,,,,,**
*.# #..................,,,*** #.#
#..................,,,* ..#
#.....??..)........,,,* ..#
#..................,,,** ..#
#..................,,,,** ..#
#........{.........,,,,,** ..#
##........@.........,,,,,,* ..#
#........[..........,,,**,, #.#
#...................,,,**** #.#
#................$.,,,,* #.#
#.)...............,,,,,*
#.#####...#.#..###.#####******
.......#)##........#####*********
#.####.#.####.##########,,,,,,,,,
#.# #...# *.# **,*******


There were no monsters in sight!

Vanquished Creatures
  A black bear (D:4)
  2 phantoms (D:4)
  A scorpion (D:4)
  3 adders
  2 worms (D:3)
  6 orcs (D:3)
  2 ball pythons
  4 bats
  7 endoplasms
  5 giant cockroaches
  4 goblins
  9 hobgoblins
  A quokka (D:2)
  4 frilled lizards
  7 kobolds
  7 rats
65 creatures vanquished.

Notes
Turn   | Place    | Note
-------+----------+-------------------------------------------
     0 | D:1      | Izden the Minotaur Fighter began the quest for the Orb.
     0 | D:1      | Reached XP level 1. HP: 19/19 MP: 0/0
   157 | D:1      | Reached XP level 2. HP: 27/27 MP: 1/1
   537 | D:2      | Reached skill level 1 in Dodging
   627 | D:2      | Reached XP level 3. HP: 33/33 MP: 2/2
  1444 | D:3      | Found a white marble altar of Elyvilon.
  1547 | D:3      | Reached XP level 4. HP: 40/40 MP: 3/3
  1817 | D:4      | Noticed a scorpion
  1822 | D:4      | Killed a scorpion
  1897 | D:4      | Reached XP level 5. HP: 44/47 MP: 4/4
  1934 | D:4      | Noticed a black bear
  1945 | D:4      | Killed a black bear
  1964 | D:4      | Noticed a phantom
  1980 | D:4      | Killed a phantom
  1981 | D:4      | Reached skill level 5 in Armour
  1981 | D:4      | Reached skill level 5 in Shields
  1981 | D:4      | Reached XP level 6. HP: 54/55 MP: 5/5
  1994 | D:4      | Noticed Sigmund
  2021 | D:4      | Reached skill level 5 in Fighting
  2026 | D:4      | HP: 1/56 [poisoned by Sigmund]
  2027 | D:4      | Succumbed to Sigmund's poison

Illustrated notes

Levels and vault maps discovered:
D:1:      eino_arrival_druids_welcome, layout_basic
D:2:      layout_loops_ring
D:3:      layout_loops_cross, nicolae_elyvilon_temple_path
D:4:      layout_basic, lightli_temple_of_fire, nrook_campfire,
          wad_floor_pattern_2, uniq_sigmund

Skill      XL: |  1  2  3  4  5  6 |
---------------+-------------------+-----
Dodging        | 1 2 3 |  3.0
Fighting       | 4 5 |  5.1
Armour         | 4 5 |  5.1
Shields        | 4 5 |  5.1
Axes           | 3 4 |  4.3

Action                     |  1- 3 |  4- 6 || total
---------------------------+-------+-------++-------
  Melee: War axe           |    81 |    40 ||   121
         Headbutt          |    13 |     7 ||    20
    Use: Scroll            |     3 |     6 ||     9
         Potion            |     2 |     4 ||     6
 Armour: Scale mail        |    49 |    41 ||    90
  Dodge: Dodged            |    34 |    25 ||    59
  Block: Buckler           |    17 |    10 ||    27

Table legend: (Time is in decaauts)
 A = Elapsed time spent in this place.
 B = Non-inter-level travel time spent in this place.
 C = Inter-level travel time spent in this place.
 D = Time resting spent in this place.
 E = Time spent auto-exploring this place.
 F = Levels seen in this place.
 G = Mean time per level.
                   A        B        C        D        E       F      G
               +--------+--------+--------+--------+--------+-----+--------+
         Total |   2074 |   2020 |     54 |      0 |   1597 |   4 |  518.5 |
       Dungeon |   2074 |   2020 |     54 |      0 |   1597 |   4 |  518.5 |
               +--------+--------+--------+--------+--------+-----+--------+

Top non-repeatable levels by time:
     D:3: 746 daAuts
     D:2: 569 daAuts
     D:1: 533 daAuts
     D:4: 224 daAuts
